 Dungeon Crawl Stone Soup version 0.21.1-1-g345015fe64 (webtiles) character file.

48 NullDivider the Charlatan (level 3, 0/18 HPs)
             Began as a Spriggan Artificer on Apr 27, 2018.
             Slain by a hobgoblin
             ... wielding a +0 club
              (7 damage)
             ... on level 2 of the Dungeon.
             The game lasted 00:04:20 (2020 turns).

NullDivider the Charlatan (Spriggan Artificer)      Turns: 2020, Time: 00:04:21

Health: 0/18       AC:  2    Str:  8    XL:     3   Next: 50%
Magic:  7/7        EV: 19    Int: 12    God:
Gold:   4          SH:  0    Dex: 17    Spells: 2/2 levels left

rFire    . . .     SeeInvis +   a - +0 short sword
rCold    . . .     Gourm    .   (shield restricted)
rNeg     . . .     Faith    .   b - +0 robe
rPois    .         Spirit   .   (helmet restricted)
rElec    .         Reflect  .   (no cloak)
rCorr    .         Harm     .   (gloves unavailable)
MR       .....                  (boots unavailable)
Stlth    +++.......             (no amulet)
HPRegen  0.06/turn              h - ring of stealth
MPRegen  0.10/turn              (no ring)

@: very quick
A: very small, unfitting armour, see invisible, herbivore, speed 3, slow
metabolism 2
a: no special abilities


You were on level 2 of the Dungeon.
You were not hungry.

You visited 1 branch of the dungeon, and saw 2 of its levels.

You collected 4 gold pieces.

Inventory:

Hand Weapons
 a - a +0 short sword (weapon)
Armour
 b - a +0 robe (worn)
Jewellery
 h - a ring of stealth (left hand)
Wands
 c - a wand of flame (14)
 d - a wand of enslavement (15)
 e - a wand of random effects (14)
Scrolls
 i - a scroll of fear {unknown}
 k - a scroll of remove curse {unknown}
Potions
 g - 3 potions of heal wounds {unknown}
 j - a potion of lignification {unknown}
 l - a potion of resistance {unknown}
Comestibles
 f - a ration


   Skills:
 * Level 1.8 Fighting
 + Level 1.7 Short Blades
 + Level 3.5 Dodging
 + Level 2.5 Stealth
 + Level 4.3 Evocations


You had 2 spell levels left.
You didn't know any spells.

Dungeon Overview and Level Annotations

Branches:
Dungeon (2/15)

Altars:


Innate Abilities, Weirdness & Mutations

You are very small and have problems with some larger weapons.
You are too small for most types of armour.
You have supernaturally acute eyesight. (SInv)
You are a herbivore.
You cover ground extremely quickly.
You need consume almost no food.


Message History

You are too injured to fight recklessly!
You are too injured to fight recklessly!
You are too injured to fight recklessly!
You are too injured to fight recklessly!
You are too injured to fight recklessly!
You are too injured to fight recklessly!
You are too injured to fight recklessly!
You are too injured to fight recklessly!
You are too injured to fight recklessly!
You are too injured to fight recklessly!
You are too injured to fight recklessly!
You are too injured to fight recklessly!
You are too injured to fight recklessly!
You are too injured to fight recklessly!
You are too injured to fight recklessly!
You are too injured to fight recklessly!
You barely miss the hobgoblin.
The hobgoblin is severely wounded.
The hobgoblin hits you with a club!
You die...

#.# ... ## #.######
...###. #......#
......##### #......# .
#........# #......#
..#........####.>....#
...............<....>#
#........#####.....#
#..g@...# #.....#
#......$# #.....#
#.......# #######
#########


You could see a hobgoblin.

Vanquished Creatures
  2 dart slugs (D:1)
  2 leopard geckos (D:1)
  2 giant cockroaches (D:1)
  5 goblins (D:1)
  7 hobgoblins (D:1)
  4 jackals (D:1)
  3 kobolds (D:1)
  6 bats (D:1)
  3 frilled lizards
  5 rats
39 creatures vanquished.

Notes
Turn   | Place    | Note
-------+----------+-------------------------------------------
     0 | D:1      | NullDivider the Spriggan Artificer began the quest for the Orb.
     0 | D:1      | Reached XP level 1. HP: 9/9 MP: 4/4
    67 | D:1      | Reached skill level 1 in Fighting
   158 | D:1      | Reached XP level 2. HP: 13/14 MP: 6/6
  1080 | D:1      | Reached XP level 3. HP: 15/18 MP: 7/7
  2020 | D:2      | Slain by a hobgoblin

Skill      XL: |  1 |
---------------+----+-----
Fighting       | 1 |  1.8
Stealth        | 2 |  2.5
Short Blades   | |  1.7
Dodging        | |  3.5
Evocations     | |  4.3

Action                   || total
-------------------------++-------
Melee: Short sword       ||   173
Evoke: Wand              ||     2
 Stab: Sleeping          ||     5
       Distracted        ||     2
Armor: Robe              ||    13
Dodge: Dodged            ||   137
